 Dungeon Crawl Stone Soup version 0.20.0 (webtiles) character file.

55 Danakh the Charmwright (level 3, -4/27 HPs)
             Began as a Vampire Skald on June 1, 2017.
             Slain by a hobgoblin
             ... wielding a +0 club
             ... led by Robin
              (9 damage)
             ... on level 3 of the Dungeon.
             The game lasted 00:03:30 (1086 turns).

Danakh the Charmwright (Vampire Skald)              Turns: 1086, Time: 00:03:31

Health: -4/27      AC:  3    Str: 10    XL:     3   Next: 67%
Magic:  0/15       EV: 12    Int: 15    God:
Gold:   87         SH:  0    Dex: 14    Spells: 0/6 levels left

rFire    . . .     SeeInvis +   a - +0 short sword
rCold    + . .     Gourm    .   (no shield)
rNeg     + + .     Faith    .   b - +0 leather armour
rPois    +         Spirit   +   (no helmet)
rElec    .         Reflect  .   (no cloak)
rCorr    .         Harm     .   (no gloves)
MR       .....                  (no boots)
Stlth    +++.......             k - amulet of guardian spirit
Regen    0.1/turn               j - ring of magical power
MPRegen  0.2/turn               (no ring)

@: singing, regenerating slowly
A: fangs 3, see invisible, unbreathing
a: Bat Form


You were on level 3 of the Dungeon.
You were thirsty.

You visited 1 branch of the dungeon, and saw 3 of its levels.

You collected 87 gold pieces.

Inventory:

Hand Weapons
 a - a +0 short sword (weapon)
Armour
 b - a +0 leather armour (worn)
Jewellery
 j - a ring of magical power (left hand)
 k - an amulet of guardian spirit (around neck)
Scrolls
 e - 2 scrolls of teleportation {unknown}
 f - a scroll of identify {unknown}
 i - 2 scrolls of blinking {unknown}
 m - a scroll of remove curse {unknown}
Potions
 d - 2 potions of blood
 g - 2 potions of agility {unknown}
 h - 2 potions of flight {unknown}
 l - a potion of resistance {unknown}
Books
 c - a book of Battle

   Spells                             Type                      Level
   a - Infusion                       Charms                       1
   b - Shroud of Golubria             Charms/Translocation         2
   c - Song of Slaying                Charms                       2
   d - Spectral Weapon                Hexes/Charms                 3
   e - Regeneration                   Charms/Necromancy            3


   Skills:
 + Level 2.2 Fighting
 * Level 3.0 Short Blades
 + Level 1.2 Armour
 + Level 2.8 Dodging
 * Level 2.1 Stealth
 - Level 2.0 Spellcasting
 - Level 3.2 Charms


You couldn't memorise any spells.
You knew the following spells:

 Your Spells              Type           Power        Failure   Level  Hunger
a - Song of Slaying       Chrm           ##......     12%         2    ###....
e - Infusion              Chrm           ##..         8%          1    #......
r - Regeneration          Chrm/Necr      #.........   41%         3    ###....


Dungeon Overview and Level Annotations

Branches:
Dungeon (3/15)

Altars:
Hepliaklqana
Zin
The Shining One

Annotations:
D:3 Robin


Innate Abilities, Weirdness & Mutations

You heal slowly.
You have razor-sharp teeth.
You have supernaturally acute eyesight. (SInv)
You can survive without breathing.


Message History

Robin is lightly wounded.
The hobgoblin hits you with a club. Robin hits you with a whip.
You barely miss Robin.
Robin is lightly wounded.
Robin hits you with a whip.
The hobgoblin hits you but does no damage.
You hit Robin.
Robin is moderately wounded.
Robin hits you with a whip.
You barely miss Robin.
Robin is moderately wounded.
The hobgoblin hits you with a club. Robin completely misses you.
You barely miss the hobgoblin. The hobgoblin hits you with a club!
* * * LOW HITPOINT WARNING * * *
You hit the hobgoblin.
The hobgoblin is almost dead.
Robin hits you with a whip.
* * * LOW HITPOINT WARNING * * *
The hobgoblin hits you with a club!
You die...

######### #gggg.... #@#
####.# #....#
#.##.########
#...........#
#######...#####.#########
#........................
.#####.#.#.#.#.#########
#<....#.#...#.#


You could see Robin and 3 hobgoblins.

Vanquished Creatures
  A gnoll (D:1)
  An adder (D:2)
  An ooze (D:2)
  2 worms
  A giant cockroach (D:1)
  4 goblins
  4 hobgoblins
  4 kobolds
  3 bats
  2 frilled lizards
  5 rats
28 creatures vanquished.

Notes
Turn   | Place    | Note
-------+----------+-------------------------------------------
     0 | D:1      | Danakh the Vampire Skald began the quest for the Orb.
     0 | D:1      | Reached XP level 1. HP: 16/16 MP: 3/3
    41 | D:1      | Reached skill level 1 in Armour
    41 | D:1      | Reached skill level 1 in Stealth
    41 | D:1      | Reached XP level 2. HP: 15/22 MP: 5/5
   672 | D:2      | Found a hazy altar of Hepliaklqana.
   724 | D:2      | Reached XP level 3. HP: 27/27 MP: 6/6
   729 | D:2      | Found a glowing golden altar of the Shining One.
   930 | D:2      | Found a glowing silver altar of Zin.
   931 | D:2      | Noticed an angel
  1029 | D:3      | Learned a level 3 spell: Regeneration
  1066 | D:3      | Noticed Robin
  1071 | D:3      | Learned a level 2 spell: Song of Slaying
  1086 | D:3      | Slain by a hobgoblin

Skill      XL: |  1  2  3 |
---------------+----------+-----
Armour         | 1 |  1.2
Stealth        | 1 2 |  2.1
Fighting       | 2 |  2.2
Short Blades   | 3 |  3.0
Dodging        | |  2.8
Spellcasting   | |  2.0
Charms         | |  3.2

Action                   || total
-------------------------++-------
Melee: Short sword       ||    96
       Bite              ||     9
 Cast: Song of Slaying   ||     1
 Stab: Sleeping          ||     2
Armor: Leather armour    ||    11
Dodge: Dodged            ||    44
